Lightning vs Devils
Created - January 4, 2025 at 23:06
Goals
|
| Lightning |
3 |
0 |
1 |
4 |
| Devils |
1 |
0 |
1 |
2 |
|
Shots
|
| Lightning |
14 |
7 |
9 |
30 |
| Devils |
11 |
10 |
10 |
31 |
|
1st period
1. Devils , Sam Bennett 5 (Tyler Ennis 24, Nazem Kadri 16) at 1:41 (PP)
2. Lightning , Alex DeBrincat 7 (John Carlson 7, Alex Galchenyuk 10) at 3:03 (PP)
3. Lightning , Teemu Hartikainen 3 (Rasmus Ristolainen 20, Cory Emmerton 2) at 9:03
4. Lightning , Alexander Kerfoot 13 (John Carlson 8, Alex Galchenyuk 11) at 14:47
Penalties :
Alex Galchenyuk (T.B) for High sticking (Minor) at 1:38, Sam Bennett (N.J) for Interference (Minor) at 2:26, Logan Shaw (N.J) for Holding (Minor) at 11:37, Max Friberg (T.B) for Goalie Interference (Minor) at 15:43
2nd period
No Goal
Penalties :
Nick Palmieri (N.J) for Tripping (Minor) at 3:56, Ben Hutton (T.B) for Holding (Minor) at 9:04, Brandon Hagel (T.B) for Hooking (Minor) at 12:45
3rd period
5. Devils , Tyler Ennis 12 (Nick Palmieri 7) at 4:49
6. Lightning , Alex Galchenyuk 19 (Alexander Kerfoot 17) at 8:05
Penalties :
Tyler Ennis (N.J) for Delaying the game (Minor) at 5:15, Nick Palmieri (N.J) for Roughing (Minor) at 10:17, Alex Nedeljkovic (T.B) for Delaying the game (Minor) at 16:49 - Alexander Kerfoot served the penalty
Goalie Stats
Alex Nedeljkovic (T.B), 29 saves from 31 shots - (0.935), W, 12-11-2, 60:00 minutes
Elvis Merzlikins (N.J), 26 saves from 30 shots - (0.867), L, 1-2-0, 60:00 minutes
Players Stats for Lightning
Player Name G A P +/- PIM S H SB GA TA FO MP PP MP PK MP
------------------------------------------------------------------------------------
Alex DeBrincat 1 0 1 -1 0 2 1 0 0 0 1/1 15:02 3:54 0:00
Alex Galchenyuk 1 2 3 2 2 5 1 1 0 0 2/3 20:06 3:54 1:45
Alexander Kerfoot 1 1 2 2 0 2 3 0 1 0 15/24 19:26 4:35 0:00
Anze Kopitar 0 0 0 -1 0 2 0 0 0 0 8/16 16:21 0:00 4:09
Ben Hutton 0 0 0 0 2 0 1 1 0 1 0/0 10:47 0:00 0:00
Brandon Hagel 0 0 0 0 2 0 0 0 0 1 1/1 14:27 4:34 0:00
Cory Emmerton 0 1 1 1 0 0 0 1 0 0 0/1 8:41 0:00 2:08
Jesper Fast 0 0 0 1 0 0 0 0 0 0 0/0 7:59 0:05 0:00
John Carlson 0 2 2 2 0 1 2 0 0 1 0/0 20:54 3:32 3:32
Jonathan Drouin 0 0 0 -1 0 2 1 0 2 0 0/0 11:51 0:04 0:00
Lawson Crouse 0 0 0 2 0 2 2 1 0 0 4/5 22:56 4:24 3:48
Max Friberg 0 0 0 0 2 0 3 0 0 1 1/1 12:33 0:15 1:42
Michael Kostka 0 0 0 0 0 2 0 2 1 0 0/0 22:09 0:00 4:27
Miro Heiskanen 0 0 0 0 0 1 0 2 0 0 0/0 16:57 5:01 0:00
Nico Hischier 0 0 0 0 0 2 2 0 0 0 3/7 13:35 3:54 0:43
Rasmus Ristolainen 0 1 1 0 0 7 1 3 2 0 0/0 28:19 5:01 4:27
Shayne Gostisbehere 0 0 0 2 0 1 1 2 0 1 0/0 20:54 3:32 3:32
Teemu Hartikainen 1 0 1 1 0 1 1 0 0 0 0/0 9:00 0:00 1:43
Players Stats for Devils
Player Name G A P +/- PIM S H SB GA TA FO MP PP MP PK MP
------------------------------------------------------------------------------------
Anton Lander 0 0 0 0 0 1 1 0 0 0 1/2 9:46 0:00 3:21
Brayden Point 0 0 0 -1 0 1 0 1 0 1 3/9 14:31 3:35 0:00
Cam Fowler 0 0 0 0 0 3 0 4 1 0 0/0 26:25 5:04 5:44
Damon Severson 0 0 0 -1 0 2 2 0 0 1 0/0 19:30 5:04 0:00
Eric Tangradi 0 0 0 0 0 2 2 0 1 0 0/0 10:11 0:00 2:26
Jonathan Huberdeau 0 0 0 -1 0 2 2 0 0 0 1/1 16:16 3:35 1:04
Kristopher Letang 0 0 0 0 0 2 2 1 0 0 0/0 24:36 2:55 5:44
Logan Shaw 0 0 0 -1 2 3 1 0 0 0 0/1 11:50 0:00 0:35
Matt Donovan 0 0 0 -1 0 1 3 1 0 1 0/0 16:09 0:00 2:49
Michael Del Zotto 0 0 0 -1 0 1 1 2 0 2 0/0 17:26 2:55 0:00
Nail Yakupov 0 0 0 0 0 0 0 0 0 0 0/0 6:46 0:00 0:00
Nazem Kadri 0 1 1 0 0 3 0 1 0 0 10/31 18:15 4:24 0:00
Nick Palmieri 0 1 1 0 4 0 2 0 1 1 0/0 17:42 0:09 2:34
Ondrej Kase 0 0 0 -1 0 2 1 1 1 0 1/2 17:53 3:35 3:14
Sam Bennett 1 0 1 -1 2 1 4 0 0 0 7/11 19:33 4:15 3:52
Sven Baertschi 0 0 0 -1 0 2 0 1 0 0 0/1 10:04 0:00 0:00
Thomas Hickey 0 0 0 -1 0 0 0 0 0 0 0/0 15:54 0:00 2:49
Tyler Ennis 1 1 2 0 2 5 0 0 1 0 1/1 18:35 4:24 0:00
3 Stars
1 - Alexander Kerfoot (T.B)
2 - Alex Galchenyuk (T.B)
3 - John Carlson (T.B)
Power Play
Lightning - 1 on 5 Attempt(s) - 20.00%
Devils - 1 on 5 Attempt(s) - 20.00%
Penalty Kill
Lightning - 4 on 5 Attempt(s) - 80.00%
- Score 0 goal in Penalty Kill
Devils - 4 on 5 Attempt(s) - 80.00%
- Score 0 goal in Penalty Kill
Team Stat
Lightning - Hits : 19 - Faceoff Wins : 35 - Blocked Shots : 13 - Penalty Minutes : 10
Devils - Hits : 21 - Faceoff Wins : 24 - Blocked Shots : 12 - Penalty Minutes : 10
Official
Referees : Dean Morton and Francis Charron
Linesman : Trent Knorr and Mark Shewchyk
Game Notes
No Game Note
Finance
Level 1 -- Attendance: 5967 (99.45%) -- Ticket Income $596,700
Level 2 -- Attendance: 4848 (96.96%) -- Ticket Income $339,360
Level 3 -- Attendance: 1949 (97.45%) -- Ticket Income $77,960
Level 4 -- Attendance: 4000 (100.00%) -- Ticket Income $120,000
Luxury Box -- Attendance: 1000 (100.00%) -- Ticket Income $200,000
Game was played at the Prudential Center.
Total Attendance: 17764 (98.69%)
Total Ticket Income: $1,334,020
Other Income: $200,103
Total Income: $1,534,123
Lightning
5 vs 5 Forward
Center Left Wing Right Wing Time % Phy DF OF
1 Alexander Kerfoot Alex Galchenyuk Lawson Crouse 40 1 2 2
2 Anze Kopitar Jonathan Drouin Alex DeBrincat 30 1 2 2
3 Nico Hischier Brandon Hagel Max Friberg 25 1 2 2
4 Cory Emmerton Teemu Hartikainen Jesper Fast 5 1 2 2
5 vs 5 Defense
Defense Defense Time % Phy DF OF
1 Rasmus Ristolainen Michael Kostka 40 1 2 2
2 John Carlson Shayne Gostisbehere 30 1 2 2
3 Ben Hutton Miro Heiskanen 20 1 2 2
4 Rasmus Ristolainen Miro Heiskanen 10 1 2 2
PowerPlay Forward
Center Left Wing Right Wing Time % Phy DF OF
1 Alexander Kerfoot Brandon Hagel Lawson Crouse 60 1 2 2
2 Nico Hischier Alex Galchenyuk Alex DeBrincat 40 1 2 2
PowerPlay Defense
Defense Defense Time % Phy DF OF
1 Rasmus Ristolainen Miro Heiskanen 60 1 2 2
2 John Carlson Shayne Gostisbehere 40 1 2 2
Penalty Kill 4 Players Forward
Center Wing Time % Phy DF OF
1 Anze Kopitar Lawson Crouse 60 1 2 2
2 Cory Emmerton Max Friberg 40 1 2 2
Penalty Kill 4 Players Defense
Defense Defense Time % Phy DF OF
1 Rasmus Ristolainen Michael Kostka 60 1 2 2
2 John Carlson Shayne Gostisbehere 40 1 2 2
Penalty Kill - 3 Players Forward
Forward Time % Phy DF OF
1 Anze Kopitar 60 1 2 2
2 Cory Emmerton 40 1 2 2
Penalty Kill - 3 Players Defense
Defense Defense Time % Phy DF OF
1 Rasmus Ristolainen Michael Kostka 60 1 2 2
2 John Carlson Shayne Gostisbehere 40 1 2 2
4 vs 4 Forward
Center Wing Time % Phy DF OF
1 Alexander Kerfoot Lawson Crouse 60 1 2 2
2 Nico Hischier Alex Galchenyuk 40 1 2 2
4 vs 4 Defense
Defense Defense Time % Phy DF OF
1 Rasmus Ristolainen Miro Heiskanen 60 1 2 2
2 John Carlson Shayne Gostisbehere 40 1 2 2
Last Minutes Offensive
Center Left Wing Right Wing Defense Defense
Alexander Kerfoot Alex Galchenyuk Lawson Crouse Rasmus Ristolainen Miro Heiskanen
Last Minutes Defensive
Center Left Wing Right Wing Defense Defense
Alexander Kerfoot Alex Galchenyuk Lawson Crouse Rasmus Ristolainen Michael Kostka
Goaltenders
Starting : Alex Nedeljkovic
Backup : Anton Forsberg
Extra Forwards
Normal : Brandon Hagel, Max Friberg, Teemu Hartikainen - PP : Brandon Hagel, Max Friberg - PK : Teemu Hartikainen
Extra Defensemen
Normal : Ben Hutton, Miro Heiskanen, John Carlson - PP : Ben Hutton - PK : Miro Heiskanen, John Carlson
Penalty Shots
Alex Galchenyuk, Brandon Hagel, Lawson Crouse, Alexander Kerfoot, Alex DeBrincat
Custom OT Lines Forwards
Alex Galchenyuk, Alexander Kerfoot, Lawson Crouse, Jonathan Drouin, Alex DeBrincat, Anze Kopitar, Nico Hischier, Teemu Hartikainen, Jesper Fast, Brandon Hagel
Custom OT Lines Defensemen
Rasmus Ristolainen, Michael Kostka, John Carlson, Shayne Gostisbehere, Ben Hutton
Scratches
Brendan Perlini (Healthy), Dalton Thrower (Healthy), Daultan Leveillé (Healthy)
Devils
5 vs 5 Forward
Center Left Wing Right Wing Time % Phy DF OF
1 Nazem Kadri Tyler Ennis Nick Palmieri 35 0 2 3
2 Brayden Point Jonathan Huberdeau Logan Shaw 30 0 2 3
3 Sam Bennett Sven Baertschi Ondrej Kase 25 0 2 3
4 Anton Lander Eric Tangradi Nail Yakupov 10 0 2 3
5 vs 5 Defense
Defense Defense Time % Phy DF OF
1 Cam Fowler Kristopher Letang 36 1 3 1
2 Matt Donovan Thomas Hickey 32 1 3 1
3 Michael Del Zotto Damon Severson 32 1 3 1
4 Cam Fowler Damon Severson 0 1 3 1
PowerPlay Forward
Center Left Wing Right Wing Time % Phy DF OF
1 Nazem Kadri Tyler Ennis Sam Bennett 55 0 0 5
2 Brayden Point Jonathan Huberdeau Ondrej Kase 45 0 0 5
PowerPlay Defense
Defense Defense Time % Phy DF OF
1 Cam Fowler Damon Severson 55 0 2 3
2 Michael Del Zotto Kristopher Letang 45 0 2 3
Penalty Kill 4 Players Forward
Center Wing Time % Phy DF OF
1 Sam Bennett Nick Palmieri 60 1 3 1
2 Anton Lander Logan Shaw 40 1 3 1
Penalty Kill 4 Players Defense
Defense Defense Time % Phy DF OF
1 Cam Fowler Kristopher Letang 60 1 4 0
2 Thomas Hickey Matt Donovan 40 1 4 0
Penalty Kill - 3 Players Forward
Forward Time % Phy DF OF
1 Nazem Kadri 60 0 4 1
2 Brayden Point 40 0 4 1
Penalty Kill - 3 Players Defense
Defense Defense Time % Phy DF OF
1 Cam Fowler Kristopher Letang 60 1 4 0
2 Thomas Hickey Matt Donovan 40 1 4 0
4 vs 4 Forward
Center Wing Time % Phy DF OF
1 Nazem Kadri Tyler Ennis 60 0 2 3
2 Brayden Point Jonathan Huberdeau 40 0 2 3
4 vs 4 Defense
Defense Defense Time % Phy DF OF
1 Cam Fowler Kristopher Letang 60 0 3 2
2 Michael Del Zotto Damon Severson 40 0 3 2
Last Minutes Offensive
Center Left Wing Right Wing Defense Defense
Nazem Kadri Tyler Ennis Brayden Point Cam Fowler Damon Severson
Last Minutes Defensive
Center Left Wing Right Wing Defense Defense
Nazem Kadri Tyler Ennis Nick Palmieri Cam Fowler Kristopher Letang
Goaltenders
Starting : Elvis Merzlikins
Backup : Jonathan Quick
Extra Forwards
Normal : Sam Bennett, Ondrej Kase, Logan Shaw - PP : Nick Palmieri, Ondrej Kase - PK : Ondrej Kase
Extra Defensemen
Normal : Kristopher Letang, Matt Donovan, Damon Severson - PP : Matt Donovan - PK : Kristopher Letang, Cam Fowler
Penalty Shots
Tyler Ennis, Nazem Kadri, Brayden Point, Ondrej Kase, Jonathan Huberdeau
Custom OT Lines Forwards
Tyler Ennis, Nazem Kadri, Jonathan Huberdeau, Brayden Point, Sam Bennett, Nick Palmieri, Logan Shaw, Nail Yakupov, Ondrej Kase, Sven Baertschi
Custom OT Lines Defensemen
Cam Fowler, Michael Del Zotto, Kristopher Letang, Matt Donovan, Thomas Hickey
Scratches
Darren Dietz (Healthy)
% Time on Ice - Lightning
Lines # - Real PCT - Wanted PCT - Time Play
Normal Forward
1 - 38% - 40% - 16:36
2 - 26% - 30% - 11:30
3 - 20% - 25% - 8:50
4 - 15% - 5% - 6:32
Normal Defense
1 - 42% - 40% - 18:03
2 - 32% - 30% - 13:50
3 - 23% - 20% - 10:09
4 - 3% - 10% - 1:26
PP Forward
1 - 54% - 60% - 4:39
2 - 46% - 40% - 3:54
PP Defense
1 - 59% - 60% - 5:01
2 - 41% - 40% - 3:32
PK Forward
1 - 73% - 60% - 5:51
2 - 27% - 40% - 2:08
PK Defense
1 - 56% - 60% - 4:27
2 - 44% - 40% - 3:32
PK3 Forward
1 - 0% - 60%
2 - 0% - 40%
PK3 Defense
1 - 0% - 60%
2 - 0% - 40%
44 Forward
1 - 0% - 60%
2 - 0% - 40%
44 Defense
1 - 0% - 60%
2 - 0% - 40%
Last Minute Offensive - 0:00
Last Minute Defensive - 0:00
Total
Forward - 60:00
Defense - 60:00
|
% Time on Ice - Devils
Lines # - Real PCT - Wanted PCT - Time Play
Normal Forward
1 - 37% - 35% - 16:14
2 - 26% - 30% - 11:20
3 - 22% - 25% - 9:32
4 - 15% - 10% - 6:22
Normal Defense
1 - 34% - 36% - 14:53
2 - 33% - 32% - 14:29
3 - 30% - 32% - 13:07
4 - 2% - 0% - 0:59
PP Forward
1 - 55% - 55% - 4:24
2 - 45% - 45% - 3:35
PP Defense
1 - 63% - 55% - 5:04
2 - 37% - 45% - 2:55
PK Forward
1 - 85% - 60% - 7:14
2 - 15% - 40% - 1:19
PK Defense
1 - 67% - 60% - 5:44
2 - 33% - 40% - 2:49
PK3 Forward
1 - 0% - 60%
2 - 0% - 40%
PK3 Defense
1 - 0% - 60%
2 - 0% - 40%
44 Forward
1 - 0% - 60%
2 - 0% - 40%
44 Defense
1 - 0% - 60%
2 - 0% - 40%
Last Minute Offensive - 0:00
Last Minute Defensive - 0:00
Total
Forward - 60:00
Defense - 60:00
|
Play-by-Play
1st period
0:01 of 1st period - Alex Galchenyuk wins face-off versus Nazem Kadri in neutral zone.
0:26 of 1st period - Alex DeBrincat is hit by Jonathan Huberdeau.
1:00 of 1st period - Sven Baertschi is hit by John Carlson and loses puck.
1:38 of 1st period - Minor Penalty to Alex Galchenyuk for High sticking.
1:39 of 1st period - Nazem Kadri wins face-off versus Anze Kopitar in Lightning zone.
1:39 of 1st period - Snap shot by Tyler Ennis.
1:39 of 1st period - Stopped by Alex Nedeljkovic with a rebound.
1:41 of 1st period - Snap shot by Sam Bennett.
1:41 of 1st period - Goal by Sam Bennett - Lightning : 0 - Devils : 1.
1:42 of 1st period - Anze Kopitar wins face-off versus Logan Shaw in neutral zone.
1:53 of 1st period - Snap shot by Jonathan Drouin.
1:53 of 1st period - Shot Misses the Net.
1:55 of 1st period - Slapshot by Rasmus Ristolainen.
1:55 of 1st period - Stopped by Elvis Merzlikins with a rebound.
1:57 of 1st period - Snap shot by Anze Kopitar.
1:57 of 1st period - Stopped by Elvis Merzlikins with a rebound.
1:59 of 1st period - Slapshot by Michael Kostka.
1:59 of 1st period - Stopped by Elvis Merzlikins with a rebound.
2:09 of 1st period - Lawson Crouse is hit by Sam Bennett and loses puck.
2:26 of 1st period - Minor Penalty to Sam Bennett for Interference.
2:27 of 1st period - Lawson Crouse wins face-off versus Ondrej Kase in Devils zone.
2:52 of 1st period - Cam Fowler is hit by Alex Galchenyuk and loses puck.
2:57 of 1st period - Backhand shot by John Carlson.
2:57 of 1st period - Shot Misses the Net.
2:59 of 1st period - Snap shot by John Carlson.
2:59 of 1st period - Shot Blocked by Kristopher Letang.
3:01 of 1st period - Wrist shot by Alex DeBrincat.
3:01 of 1st period - Shot Blocked by Cam Fowler.
3:03 of 1st period - Snap shot by Alex DeBrincat.
3:03 of 1st period - Goal by Alex DeBrincat - Lightning : 1 - Devils : 1.
3:04 of 1st period - Jonathan Huberdeau wins face-off versus Alex Galchenyuk in neutral zone.
3:31 of 1st period - Nick Palmieri is hit by Max Friberg and loses puck.
3:42 of 1st period - Snap shot by Nazem Kadri.
3:42 of 1st period - Shot Misses the Net.
4:36 of 1st period - Lawson Crouse is hit by Logan Shaw and loses puck.
6:21 of 1st period - Off-side.
6:22 of 1st period - Nico Hischier wins face-off versus Nazem Kadri in neutral zone.
6:27 of 1st period - Michael Kostka is hit by Nick Palmieri.
6:39 of 1st period - Off-side.
6:40 of 1st period - Brayden Point wins face-off versus Alexander Kerfoot in neutral zone.
6:48 of 1st period - Wrist shot by Jonathan Huberdeau.
6:48 of 1st period - Stopped by Alex Nedeljkovic with a rebound.
6:50 of 1st period - Wrist shot by Logan Shaw.
6:50 of 1st period - Stopped by Alex Nedeljkovic with a rebound.
6:52 of 1st period - Snap shot by Logan Shaw.
6:52 of 1st period - Deflect By Brayden Point.
6:52 of 1st period - Shot Blocked by Alex Galchenyuk.
6:52 of 1st period - Puck is out of play.
6:53 of 1st period - Anze Kopitar wins face-off versus Nazem Kadri in Lightning zone.
7:04 of 1st period - Snap shot by Rasmus Ristolainen.
7:04 of 1st period - Stopped by Elvis Merzlikins with a rebound.
7:06 of 1st period - Slapshot by Michael Kostka.
7:06 of 1st period - Deflect By Michael Del Zotto.
7:06 of 1st period - Stopped by Elvis Merzlikins with a rebound.
7:08 of 1st period - Snap shot by Alex DeBrincat.
7:08 of 1st period - Stopped by Elvis Merzlikins with a rebound.
7:10 of 1st period - Slapshot by Rasmus Ristolainen.
7:10 of 1st period - Deflect By Jonathan Drouin.
7:10 of 1st period - Stopped by Elvis Merzlikins with a rebound.
7:24 of 1st period - Lawson Crouse is hit by Michael Del Zotto.
8:10 of 1st period - Icing by Miro Heiskanen.
8:11 of 1st period - Nazem Kadri wins face-off versus Cory Emmerton in Lightning zone.
8:18 of 1st period - Wrist shot by Nazem Kadri.
8:18 of 1st period - Stopped by Alex Nedeljkovic with a rebound.
8:47 of 1st period - Wrist shot by Rasmus Ristolainen.
8:47 of 1st period - Shot Misses the Net.
9:03 of 1st period - Wrist shot by Teemu Hartikainen.
9:03 of 1st period - Goal by Teemu Hartikainen - Lightning : 2 - Devils : 1.
9:04 of 1st period - Alexander Kerfoot wins face-off versus Nazem Kadri in neutral zone.
9:17 of 1st period - Slapshot by Lawson Crouse.
9:17 of 1st period - Shot Blocked by Michael Del Zotto.
9:41 of 1st period - Wrist shot by Sven Baertschi.
9:41 of 1st period - Stopped by Alex Nedeljkovic without a rebound.
9:42 of 1st period - Alexander Kerfoot wins face-off versus Sven Baertschi in Lightning zone.
9:47 of 1st period - Ondrej Kase is hit by Alexander Kerfoot and loses puck.
10:13 of 1st period - Cam Fowler is hit by Jonathan Drouin.
10:41 of 1st period - Snap shot by Brandon Hagel.
10:41 of 1st period - Shot Misses the Net.
10:57 of 1st period - Snap shot by Eric Tangradi.
10:57 of 1st period - Stopped by Alex Nedeljkovic with a rebound.
10:59 of 1st period - Wrist shot by Damon Severson.
10:59 of 1st period - Stopped by Alex Nedeljkovic without a rebound.
11:00 of 1st period - Alex DeBrincat wins face-off versus Nazem Kadri in Lightning zone.
11:27 of 1st period - Lawson Crouse is hit by Jonathan Huberdeau and loses puck.
11:37 of 1st period - Minor Penalty to Logan Shaw for Holding.
11:38 of 1st period - Alexander Kerfoot wins face-off versus Sam Bennett in Devils zone.
11:53 of 1st period - Snap shot by Alexander Kerfoot.
11:53 of 1st period - Shot Misses the Net.
12:09 of 1st period - Slapshot by Rasmus Ristolainen.
12:09 of 1st period - Stopped by Elvis Merzlikins with a rebound.
12:53 of 1st period - Nico Hischier is hit by Matt Donovan and loses puck.
13:22 of 1st period - Shayne Gostisbehere is hit by Kristopher Letang and loses puck.
13:37 of 1st period - Penalty to Logan Shaw is over, Logan Shaw is back on ice.
14:12 of 1st period - Slapshot by Rasmus Ristolainen.
14:12 of 1st period - Stopped by Elvis Merzlikins without a rebound.
14:13 of 1st period - Anze Kopitar wins face-off versus Nazem Kadri in Devils zone.
14:34 of 1st period - Slapshot by Thomas Hickey.
14:34 of 1st period - Shot Misses the Net.
14:36 of 1st period - Snap shot by Sven Baertschi.
14:36 of 1st period - Stopped by Alex Nedeljkovic without a rebound.
14:37 of 1st period - Sam Bennett wins face-off versus Alexander Kerfoot in Lightning zone.
14:45 of 1st period - Slapshot by John Carlson.
14:45 of 1st period - Shot Blocked by Michael Del Zotto.
14:47 of 1st period - Snap shot by Alexander Kerfoot.
14:47 of 1st period - Goal by Alexander Kerfoot - Lightning : 3 - Devils : 1.
14:48 of 1st period - Alexander Kerfoot wins face-off versus Nazem Kadri in neutral zone.
15:21 of 1st period - Slapshot by Rasmus Ristolainen.
15:21 of 1st period - Stopped by Elvis Merzlikins without a rebound.
15:22 of 1st period - Sam Bennett wins face-off versus Nico Hischier in Devils zone.
15:43 of 1st period - Minor Penalty to Max Friberg for Goalie Interference.
15:44 of 1st period - Nazem Kadri wins face-off versus Anze Kopitar in Lightning zone.
15:49 of 1st period - Slapshot by Tyler Ennis.
15:49 of 1st period - Shot Blocked by Rasmus Ristolainen.
17:13 of 1st period - Icing by Nazem Kadri.
17:14 of 1st period - Nico Hischier wins face-off versus Nazem Kadri in Devils zone.
17:41 of 1st period - Slapshot by Ondrej Kase.
17:41 of 1st period - Stopped by Alex Nedeljkovic without a rebound.
17:42 of 1st period - Anze Kopitar wins face-off versus Brayden Point in Lightning zone.
17:43 of 1st period - Penalty to Max Friberg is over, Max Friberg is back on ice.
17:58 of 1st period - Snap shot by Brayden Point.
17:58 of 1st period - Stopped by Alex Nedeljkovic with a rebound.
18:34 of 1st period - Slapshot by Max Friberg.
18:34 of 1st period - Shot Blocked by Matt Donovan.
18:36 of 1st period - Wrist shot by Nico Hischier.
18:36 of 1st period - Shot Misses the Net.
18:48 of 1st period - Snap shot by Lawson Crouse.
18:48 of 1st period - Shot Misses the Net.
19:31 of 1st period - Wrist shot by Max Friberg.
19:31 of 1st period - Shot Misses the Net.
19:33 of 1st period - Slapshot by Nico Hischier.
19:33 of 1st period - Stopped by Elvis Merzlikins without a rebound.
19:34 of 1st period - Sam Bennett wins face-off versus Alexander Kerfoot in Devils zone.
19:34 of 1st period - Sam Bennett is hit by Rasmus Ristolainen.
19:51 of 1st period - Rasmus Ristolainen is hit by Kristopher Letang and loses puck.
Goals for this period are 3 for Lightning vs 1 for Devils.
Shots for this period are 14 for Lightning vs 11 for Devils.
2nd period
0:01 of 2nd period - Lawson Crouse wins face-off versus Nazem Kadri in neutral zone.
0:09 of 2nd period - Off-side.
0:10 of 2nd period - Alex Galchenyuk wins face-off versus Nazem Kadri in neutral zone.
0:25 of 2nd period - Slapshot by Rasmus Ristolainen.
0:25 of 2nd period - Stopped by Elvis Merzlikins without a rebound.
0:26 of 2nd period - Brayden Point wins face-off versus Anze Kopitar in Devils zone.
1:18 of 2nd period - Brandon Hagel is hit by Sam Bennett and loses puck.
2:47 of 2nd period - Snap shot by Anton Lander.
2:47 of 2nd period - Stopped by Alex Nedeljkovic without a rebound.
2:48 of 2nd period - Alexander Kerfoot wins face-off versus Anton Lander in Lightning zone.
2:53 of 2nd period - Alex Galchenyuk is hit by Damon Severson and loses puck.
3:02 of 2nd period - Snap shot by Eric Tangradi.
3:02 of 2nd period - Stopped by Alex Nedeljkovic without a rebound.
3:03 of 2nd period - Nazem Kadri wins face-off versus Nico Hischier in Lightning zone.
3:12 of 2nd period - Snap shot by Tyler Ennis.
3:12 of 2nd period - Deflect By Nick Palmieri.
3:12 of 2nd period - Shot Blocked by Shayne Gostisbehere.
3:12 of 2nd period - Puck is out of play.
3:13 of 2nd period - Nazem Kadri wins face-off versus Nico Hischier in Lightning zone.
3:23 of 2nd period - Wrist shot by Nick Palmieri.
3:23 of 2nd period - Shot Misses the Net.
3:27 of 2nd period - Snap shot by Tyler Ennis.
3:27 of 2nd period - Stopped by Alex Nedeljkovic without a rebound.
3:28 of 2nd period - Lawson Crouse wins face-off versus Brayden Point in Lightning zone.
3:37 of 2nd period - Slapshot by Cam Fowler.
3:37 of 2nd period - Shot Misses the Net.
3:39 of 2nd period - Wrist shot by Logan Shaw.
3:39 of 2nd period - Stopped by Alex Nedeljkovic with a rebound.
3:41 of 2nd period - Snap shot by Kristopher Letang.
3:41 of 2nd period - Shot Blocked by Lawson Crouse.
3:43 of 2nd period - Slapshot by Cam Fowler.
3:43 of 2nd period - Stopped by Alex Nedeljkovic with a rebound.
3:45 of 2nd period - Wrist shot by Brayden Point.
3:45 of 2nd period - Shot Misses the Net.
3:56 of 2nd period - Minor Penalty to Nick Palmieri for Tripping.
3:57 of 2nd period - Alexander Kerfoot wins face-off versus Sam Bennett in Devils zone.
3:58 of 2nd period - Slapshot by Lawson Crouse.
3:58 of 2nd period - Shot Blocked by Cam Fowler.
4:00 of 2nd period - Slapshot by Rasmus Ristolainen.
4:00 of 2nd period - Shot Blocked by Ondrej Kase.
4:02 of 2nd period - Snap shot by Brandon Hagel.
4:02 of 2nd period - Shot Blocked by Cam Fowler.
4:04 of 2nd period - Wrist shot by Miro Heiskanen.
4:04 of 2nd period - Stopped by Elvis Merzlikins with a rebound.
4:28 of 2nd period - Eric Tangradi is hit by Alex DeBrincat and loses puck.
5:56 of 2nd period - Penalty to Nick Palmieri is over, Nick Palmieri is back on ice.
6:31 of 2nd period - Alex DeBrincat is hit by Damon Severson and loses puck.
6:54 of 2nd period - Off-side.
6:55 of 2nd period - Nico Hischier wins face-off versus Nazem Kadri in neutral zone.
7:05 of 2nd period - Slapshot by Matt Donovan.
7:05 of 2nd period - Stopped by Alex Nedeljkovic without a rebound.
7:06 of 2nd period - Alexander Kerfoot wins face-off versus Brayden Point in Lightning zone.
7:59 of 2nd period - Slapshot by John Carlson.
7:59 of 2nd period - Stopped by Elvis Merzlikins with a rebound.
8:05 of 2nd period - Wrist shot by Cory Emmerton.
8:05 of 2nd period - Shot Blocked by Sven Baertschi.
8:19 of 2nd period - Slapshot by Alex Galchenyuk.
8:19 of 2nd period - Stopped by Elvis Merzlikins without a rebound.
8:20 of 2nd period - Alexander Kerfoot wins face-off versus Nazem Kadri in Devils zone.
8:33 of 2nd period - Snap shot by Alexander Kerfoot.
8:33 of 2nd period - Shot Misses the Net.
8:46 of 2nd period - Logan Shaw is hit by Lawson Crouse and loses puck.
9:04 of 2nd period - Minor Penalty to Ben Hutton for Holding.
9:05 of 2nd period - Anze Kopitar wins face-off versus Nazem Kadri in Lightning zone.
9:22 of 2nd period - Wrist shot by Tyler Ennis.
9:22 of 2nd period - Shot Misses the Net.
9:39 of 2nd period - Slapshot by Damon Severson.
9:39 of 2nd period - Stopped by Alex Nedeljkovic with a rebound.
11:04 of 2nd period - Penalty to Ben Hutton is over, Ben Hutton is back on ice.
12:05 of 2nd period - Logan Shaw is hit by Lawson Crouse and loses puck.
12:45 of 2nd period - Minor Penalty to Brandon Hagel for Hooking.
12:46 of 2nd period - Nazem Kadri wins face-off versus Anze Kopitar in Lightning zone.
13:21 of 2nd period - Snap shot by Jonathan Huberdeau.
13:21 of 2nd period - Stopped by Alex Nedeljkovic without a rebound.
13:22 of 2nd period - Nazem Kadri wins face-off versus Anze Kopitar in Lightning zone.
14:45 of 2nd period - Penalty to Brandon Hagel is over, Brandon Hagel is back on ice.
14:59 of 2nd period - Ben Hutton is hit by Eric Tangradi and loses puck.
15:06 of 2nd period - Miro Heiskanen is hit by Eric Tangradi and loses puck.
15:19 of 2nd period - Kristopher Letang is hit by Nico Hischier and loses puck.
16:12 of 2nd period - Anton Lander is hit by Max Friberg and loses puck.
16:35 of 2nd period - Slapshot by Lawson Crouse.
16:35 of 2nd period - Stopped by Elvis Merzlikins without a rebound.
16:36 of 2nd period - Max Friberg wins face-off versus Brayden Point in Devils zone.
16:59 of 2nd period - Miro Heiskanen is hit by Nick Palmieri and loses puck.
17:18 of 2nd period - Wrist shot by Nico Hischier.
17:18 of 2nd period - Stopped by Elvis Merzlikins with a rebound.
17:24 of 2nd period - Slapshot by Ondrej Kase.
17:24 of 2nd period - Deflect By Sam Bennett.
17:24 of 2nd period - Shot Blocked by Ben Hutton.
17:24 of 2nd period - Puck is out of play.
17:25 of 2nd period - Alexander Kerfoot wins face-off versus Nazem Kadri in Lightning zone.
18:02 of 2nd period - Slapshot by Rasmus Ristolainen.
18:02 of 2nd period - Shot Blocked by Brayden Point.
19:07 of 2nd period - Snap shot by Tyler Ennis.
19:07 of 2nd period - Shot Misses the Net.
19:31 of 2nd period - Slapshot by Anze Kopitar.
19:31 of 2nd period - Stopped by Elvis Merzlikins with a rebound.
19:43 of 2nd period - Slapshot by Sam Bennett.
19:43 of 2nd period - Shot Misses the Net.
19:45 of 2nd period - Slapshot by Cam Fowler.
19:45 of 2nd period - Stopped by Alex Nedeljkovic with a rebound.
19:47 of 2nd period - Slapshot by Cam Fowler.
19:47 of 2nd period - Shot Blocked by Cory Emmerton.
19:49 of 2nd period - Slapshot by Kristopher Letang.
19:49 of 2nd period - Shot Blocked by Rasmus Ristolainen.
19:51 of 2nd period - Snap shot by Ondrej Kase.
19:51 of 2nd period - Stopped by Alex Nedeljkovic with a rebound.
Goals for this period are 0 for Lightning vs 0 for Devils.
Shots for this period are 7 for Lightning vs 10 for Devils.
3rd period
0:01 of 3rd period - Alexander Kerfoot wins face-off versus Nazem Kadri in neutral zone.
0:11 of 3rd period - Off-side.
0:12 of 3rd period - Alexander Kerfoot wins face-off versus Nazem Kadri in neutral zone.
0:17 of 3rd period - Slapshot by Michael Kostka.
0:17 of 3rd period - Deflect By Alex Galchenyuk.
0:17 of 3rd period - Stopped by Elvis Merzlikins without a rebound.
0:18 of 3rd period - Tyler Ennis wins face-off versus Alexander Kerfoot in Devils zone.
0:27 of 3rd period - Slapshot by Lawson Crouse.
0:27 of 3rd period - Shot Misses the Net.
0:47 of 3rd period - Snap shot by Logan Shaw.
0:47 of 3rd period - Shot Misses the Net.
0:49 of 3rd period - Slapshot by Logan Shaw.
0:49 of 3rd period - Shot Blocked by Rasmus Ristolainen.
0:51 of 3rd period - Wrist shot by Jonathan Huberdeau.
0:51 of 3rd period - Shot Misses the Net.
0:53 of 3rd period - Slapshot by Cam Fowler.
0:53 of 3rd period - Shot Misses the Net.
0:55 of 3rd period - Snap shot by Kristopher Letang.
0:55 of 3rd period - Stopped by Alex Nedeljkovic with a rebound.
1:13 of 3rd period - Michael Del Zotto is hit by Max Friberg.
1:17 of 3rd period - Max Friberg is hit by Sam Bennett and loses puck.
1:42 of 3rd period - Anton Lander is hit by Alexander Kerfoot and loses puck.
2:52 of 3rd period - Logan Shaw is hit by Teemu Hartikainen and loses puck.
3:03 of 3rd period - Snap shot by Jesper Fast.
3:03 of 3rd period - Deflect By Cory Emmerton.
3:03 of 3rd period - Shot Misses the Net.
3:03 of 3rd period - Puck is out of play.
3:04 of 3rd period - Sam Bennett wins face-off versus Alexander Kerfoot in Devils zone.
3:15 of 3rd period - Slapshot by Sam Bennett.
3:15 of 3rd period - Shot Blocked by Shayne Gostisbehere.
3:21 of 3rd period - Wrist shot by Alex Galchenyuk.
3:21 of 3rd period - Stopped by Elvis Merzlikins without a rebound.
3:22 of 3rd period - Anze Kopitar wins face-off versus Nazem Kadri in Devils zone.
3:23 of 3rd period - Slapshot by Jonathan Drouin.
3:23 of 3rd period - Shot Blocked by Nazem Kadri.
3:25 of 3rd period - Snap shot by Jonathan Drouin.
3:25 of 3rd period - Shot Misses the Net.
3:49 of 3rd period - Jonathan Huberdeau is hit by John Carlson and loses puck.
4:49 of 3rd period - Snap shot by Tyler Ennis.
4:49 of 3rd period - Goal by Tyler Ennis - Lightning : 3 - Devils : 2.
4:50 of 3rd period - Nazem Kadri wins face-off versus Alexander Kerfoot in neutral zone.
4:50 of 3rd period - Nazem Kadri is hit by Alexander Kerfoot.
4:58 of 3rd period - Snap shot by Nazem Kadri.
4:58 of 3rd period - Stopped by Alex Nedeljkovic with a rebound.
5:00 of 3rd period - Slapshot by Cam Fowler.
5:00 of 3rd period - Shot Blocked by Michael Kostka.
5:02 of 3rd period - Slapshot by Cam Fowler.
5:02 of 3rd period - Stopped by Alex Nedeljkovic without a rebound.
5:03 of 3rd period - Alexander Kerfoot wins face-off versus Nazem Kadri in Lightning zone.
5:15 of 3rd period - Minor Penalty to Tyler Ennis for Delaying the game.
5:16 of 3rd period - Brandon Hagel wins face-off versus Sam Bennett in Devils zone.
6:47 of 3rd period - Miro Heiskanen is hit by Anton Lander.
7:15 of 3rd period - Penalty to Tyler Ennis is over, Tyler Ennis is back on ice.
7:17 of 3rd period - Snap shot by Kristopher Letang.
7:17 of 3rd period - Stopped by Alex Nedeljkovic with a rebound.
7:30 of 3rd period - Michael Del Zotto is hit by Shayne Gostisbehere and loses puck.
7:36 of 3rd period - Off-side.
7:37 of 3rd period - Anze Kopitar wins face-off versus Brayden Point in neutral zone.
7:48 of 3rd period - Slapshot by Logan Shaw.
7:48 of 3rd period - Stopped by Alex Nedeljkovic without a rebound.
7:49 of 3rd period - Nazem Kadri wins face-off versus Lawson Crouse in Lightning zone.
7:50 of 3rd period - Backhand shot by Tyler Ennis.
7:50 of 3rd period - Shot Blocked by Miro Heiskanen.
7:58 of 3rd period - Michael Del Zotto is hit by Ben Hutton and loses puck.
8:05 of 3rd period - Wrist shot by Alex Galchenyuk.
8:05 of 3rd period - Goal by Alex Galchenyuk - Lightning : 4 - Devils : 2.
8:06 of 3rd period - Alexander Kerfoot wins face-off versus Brayden Point in neutral zone.
8:11 of 3rd period - Wrist shot by Alexander Kerfoot.
8:11 of 3rd period - Deflect By Alex Galchenyuk.
8:11 of 3rd period - Shot Misses the Net.
8:11 of 3rd period - Puck is out of play.
8:12 of 3rd period - Brayden Point wins face-off versus Alexander Kerfoot in Devils zone.
8:45 of 3rd period - Wrist shot by Jonathan Drouin.
8:45 of 3rd period - Shot Blocked by Cam Fowler.
8:47 of 3rd period - Wrist shot by Jonathan Drouin.
8:47 of 3rd period - Stopped by Elvis Merzlikins without a rebound.
8:48 of 3rd period - Anze Kopitar wins face-off versus Sam Bennett in Devils zone.
8:53 of 3rd period - Snap shot by Jonathan Drouin.
8:53 of 3rd period - Deflect By Alex DeBrincat.
8:53 of 3rd period - Shot Misses the Net.
8:53 of 3rd period - Puck is out of play.
8:54 of 3rd period - Sam Bennett wins face-off versus Anze Kopitar in Devils zone.
9:01 of 3rd period - Anze Kopitar is hit by Ondrej Kase and loses puck.
9:56 of 3rd period - Slapshot by Shayne Gostisbehere.
9:56 of 3rd period - Stopped by Elvis Merzlikins without a rebound.
9:57 of 3rd period - Alexander Kerfoot wins face-off versus Nazem Kadri in Devils zone.
10:00 of 3rd period - Slapshot by Alexander Kerfoot.
10:00 of 3rd period - Stopped by Elvis Merzlikins without a rebound.
10:01 of 3rd period - Alexander Kerfoot wins face-off versus Nazem Kadri in Devils zone.
10:08 of 3rd period - Slapshot by Alex Galchenyuk.
10:08 of 3rd period - Stopped by Elvis Merzlikins with a rebound.
10:17 of 3rd period - Minor Penalty to Nick Palmieri for Roughing.
10:18 of 3rd period - Sam Bennett wins face-off versus Alexander Kerfoot in Devils zone.
10:22 of 3rd period - Slapshot by Cam Fowler.
10:22 of 3rd period - Shot Blocked by Miro Heiskanen.
10:44 of 3rd period - Ondrej Kase is hit by Nico Hischier and loses puck.
12:17 of 3rd period - Penalty to Nick Palmieri is over, Nick Palmieri is back on ice.
13:31 of 3rd period - Wrist shot by Jonathan Huberdeau.
13:31 of 3rd period - Shot Misses the Net.
13:33 of 3rd period - Slapshot by Michael Del Zotto.
13:33 of 3rd period - Stopped by Alex Nedeljkovic without a rebound.
13:34 of 3rd period - Anton Lander wins face-off versus Alexander Kerfoot in Lightning zone.
14:00 of 3rd period - Anze Kopitar is hit by Matt Donovan and loses puck.
15:35 of 3rd period - Off-side.
15:36 of 3rd period - Ondrej Kase wins face-off versus Anze Kopitar in neutral zone.
15:41 of 3rd period - Teemu Hartikainen is hit by Matt Donovan and loses puck.
16:02 of 3rd period - Wrist shot by Tyler Ennis.
16:02 of 3rd period - Stopped by Alex Nedeljkovic without a rebound.
16:03 of 3rd period - Lawson Crouse wins face-off versus Nazem Kadri in Lightning zone.
16:08 of 3rd period - Snap shot by Lawson Crouse.
16:08 of 3rd period - Stopped by Elvis Merzlikins with a rebound.
16:10 of 3rd period - Slapshot by Rasmus Ristolainen.
16:10 of 3rd period - Stopped by Elvis Merzlikins without a rebound.
16:11 of 3rd period - Sam Bennett wins face-off versus Nico Hischier in Devils zone.
16:32 of 3rd period - Max Friberg is hit by Sam Bennett and loses puck.
16:43 of 3rd period - Wrist shot by Tyler Ennis.
16:43 of 3rd period - Deflect By Nazem Kadri.
16:43 of 3rd period - Stopped by Alex Nedeljkovic with a rebound.
16:45 of 3rd period - Wrist shot by Kristopher Letang.
16:45 of 3rd period - Shot Misses the Net.
16:47 of 3rd period - Snap shot by Nick Palmieri.
16:47 of 3rd period - Shot Blocked by Michael Kostka.
16:49 of 3rd period - Backhand shot by Tyler Ennis.
16:49 of 3rd period - Stopped by Alex Nedeljkovic without a rebound.
16:49 of 3rd period - Minor Penalty to Alex Nedeljkovic for Delaying the game.
16:50 of 3rd period - Nazem Kadri wins face-off versus Anze Kopitar in Lightning zone.
18:49 of 3rd period - Penalty to Alexander Kerfoot is over, Alexander Kerfoot is back on ice.
Goals for this period are 1 for Lightning vs 1 for Devils.
Shots for this period are 9 for Lightning vs 10 for Devils.